Map: Babylon LE

Players

Mabadi

  • Race: Terran Terran
  • League: Master
  • Spawn Location: 11:00

ieLLiMo - Winner!

  • Race: Protoss Protoss
  • League: Master
  • Spawn Location: 5:00

VOD

Have the link to the VOD?

Description

Time

  • Played on: April 12, 2023, 11:39 p.m.
  • Length: 10:40
Show
View Real Time Build Order
Export as new Build Order

Mabadi Terran 

Build Orders:  

Get SALT Encoding   

  12  0:00  SCV  
  13  0:12  SCV  
  14  0:17  Supply Depot  
  14  0:24  SCV  
  15  0:38  SCV  
  15  0:39  Barracks  
  16  0:44  Refinery  
  16  0:50  SCV  
  17  1:03  SCV  
  18  1:15  SCV  
  19  1:27  SCV  
  20  1:34  Reaper  
  20  1:39  Orbital Command  
  21  1:47  Command Center  
  21  1:55  Supply Depot  
  21  2:04  Factory  
  21  2:07  SCV  
  22  2:09  Marine  
  23  2:19  Refinery, SCV  
  24  2:24  Bunker  
  24  2:28  Barracks Reactor  
  24  2:31  SCV  
  25  2:43  SCV  
  26  2:49  Widow Mine  
  27  2:57  SCV  
  28  2:58  Starport  
  28  3:00  Orbital Command  
  28  3:03  Marine  
  28  3:04  Marine  
  30  3:09  SCV  
  30  3:12  Widow Mine  
  33  3:21  Marine x2, SCV  
  36  3:30  SCV  
  36  3:33  SCV  
  38  3:37  Barracks  
  38  3:47  Marine  
  38  3:48  Marine  
  40  3:53  SCV x2  
  41  3:59  Medivac, Factory Tech Lab  
  39  4:13  SCV x2  
  39  4:14  Marine x2  
  43  4:18  Siege Tank  
  43  4:23  Supply Depot  
  46  4:25  Refinery  
  46  4:29  Barracks  
  46  4:33  Starport Tech Lab  
  46  4:38  Barracks Tech Lab  
  46  4:43  Engineering Bay  
  46  4:45  SCV x2, Marine x2  
  50  4:47  Supply Depot  
  50  4:57  Raven, SCV x2  
  52  5:09  SCV  
  52  5:14  Marine x2, Marauder  
  51  5:15  Siege Tank  
  51  5:17  SCV  
  51  5:20  Terran Infantry Weapons Level 1  
  59  5:23  Stimpack  
  59  5:34  SCV x2  
  61  5:37  Marine  
  62  5:44  Supply Depot  
  62  5:48  Starport Reactor  
  62  5:58  Supply Depot x2  
  62  6:05  Siege Tank, SCV x2, Marine  
  62  6:06  Marauder  
  69  6:16  Combat Shield  
  69  6:17  SCV  
  70  6:20  SCV, Marauder  
  70  6:21  Supply Depot  
  70  6:22  Marine  
  70  6:23  Marine  
  70  6:24  Medivac  
  77  6:31  SCV  
  77  6:32  Medivac  
  80  6:35  Refinery  
  80  6:38  Marauder  
  82  6:47  SCV  
  82  6:48  SCV  
  84  6:59  SCV  
  84  7:00  SCV  
  84  7:01  Marauder x2  
  90  7:08  Barracks  
  90  7:09  Command Center  
  90  7:10  Factory Reactor  
  90  7:13  SCV x2  
  92  7:22  Marauder  
  88  7:33  SCV x2  
  88  7:34  Marine x2  
  88  7:35  Medivac x2, Marauder  
  98  7:42  Armory  
  84  7:53  Marine x2  
  84  7:54  Marauder  
  84  7:55  Widow Mine x2  
  84  7:56  Marauder  
  84  8:11  Marine x2  
  84  8:12  Medivac x2  
  88  8:13  SCV x2  
  88  8:16  Supply Depot  
  88  8:17  Widow Mine x2  
  85  8:20  Barracks, Marine x2  
  85  8:25  SCV  
  88  8:29  Marine  
  88  8:32  Marine  
  90  8:35  Barracks  
  90  8:39  Widow Mine x2  
  96  8:41  Marauder  
  96  8:42  Marine  
  96  8:44  Marine  
  96  8:45  Medivac x2  
  96  8:46  SCV x2  
  104  8:53  Marine x2  
  98  8:58  SCV x2  
  98  9:00  Marine  
  100  9:09  Missile Turret, Marine x2  
  100  9:10  Missile Turret x2  
  100  9:11  Missile Turret  
  96  9:24  SCV  
  96  9:25  SCV  
  96  9:37  SCV  
  96  9:45  Command Center  
  82  9:53  Marine x4  
  82  9:54  Marauder x2  
  82  9:55  SCV  
  82  9:56  SCV  
  92  10:01  Engineering Bay  
  92  10:03  Widow Mine  
  94  10:08  Barracks Reactor  
  94  10:12  Marauder  
Show
View Real Time Build Order
Export as new Build Order

ieLLiMo Protoss - Winner!

Build Orders: 1 Gate Expand, Carriers 

Get SALT Encoding   

  12  0:00  Probe  
  13  0:12  Probe  
  14  0:17  Pylon  
  14  0:24  Probe (Chrono Boost)  
  16  0:36  Gateway, Probe (Chrono Boost)  
  16  0:43  Probe (Chrono Boost)  
  16  0:45  Assimilator  
  17  0:50  Probe  
  18  1:03  Probe  
  19  1:15  Probe  
  20  1:24  Cybernetics Core  
  20  1:32  Nexus  
  20  1:39  Probe  
  21  1:41  Pylon  
  21  1:51  Probe (Chrono Boost)  
  21  1:52  Assimilator  
  22  2:00  Adept (Chrono Boost)  
  24  2:03  Probe (Chrono Boost)  
  25  2:12  Twilight Council  
  25  2:13  Probe (Chrono Boost)  
  26  2:20  Probe  
  27  2:23  Warp Gate  
  27  2:27  Adept (Chrono Boost)  
  27  2:32  Probe  
  30  2:45  Probe  
  30  2:48  Resonating Glaives (Chrono Boost)  
  31  2:52  Adept  
  31  2:57  Gateway  
  34  2:59  Probe (Chrono Boost)  
  34  3:01  Probe (Chrono Boost)  
  35  3:09  Probe (Chrono Boost)  
  35  3:11  Probe (Chrono Boost)  
  37  3:14  Probe (Chrono Boost)  
  38  3:21  Probe  
  38  3:22  Adept  
  38  3:25  Probe  
  42  3:27  Pylon  
  42  3:33  Probe  
  43  3:38  Probe  
  44  3:45  Probe  
  45  3:54  Probe  
  46  3:57  Probe  
  47  4:06  Probe  
  47  4:09  Stargate, Probe  
  45  4:13  Stargate  
  45  4:14  Assimilator  
  45  4:16  Assimilator  
  45  4:18  Gateway, Probe  
  45  4:20  Gateway  
  45  4:21  Probe, Adept x2  
  51  4:25  Gateway  
  51  4:26  Pylon  
  51  4:30  Probe  
  52  4:42  Pylon  
  52  4:43  Probe x2  
  54  4:55  Fleet Beacon  
  54  4:57  Stalker x2, Probe  
  54  4:58  Probe  
  60  5:08  Pylon  
  60  5:13  Probe  
  61  5:20  Adept x4  
  69  5:25  Pylon  
  69  5:27  Pylon  
  69  5:40  Carrier (Chrono Boost)  
  81  6:00  Pylon  
  81  6:03  Carrier (Chrono Boost)  
  81  6:10  Nexus, Probe x2  
  89  6:25  Protoss Air Weapons Level 1 (Chrono Boost)  
  89  6:27  Assimilator  
  89  6:30  Carrier (Chrono Boost)  
  89  6:37  Probe  
  89  6:38  Probe, Pylon  
  91  6:45  Pylon  
  91  6:50  Probe x2  
  91  6:51  Carrier (Chrono Boost)  
  91  6:54  Assimilator  
  99  6:59  Pylon  
  99  7:02  Probe x2  
  101  7:09  Charge  
  101  7:14  Probe x2  
  82  7:26  Probe x2  
  79  7:32  Zealot x2  
  77  7:46  Probe x2  
  77  7:51  Carrier x2  
  84  8:13  Probe  
  84  8:14  Probe  
  84  8:26  Probe x2  
  86  8:31  Nexus  
  86  8:45  Adept x2  
  90  8:58  Carrier  
  95  9:06  Zealot  
  82  9:12  Probe  
  63  9:57  Probe  
  64  10:10  Probe x2  
Tags
 
Composition
Carriers
Matchup
PvT
Spawn Locations
Cross Positions
Add a new tag
Caveats
  • Supply blocks, unpowered buildings, or Contaminate may cause inaccurate times.
  • Supply counts are checked every 10 seconds.